 Dungeon Crawl Stone Soup version 0.29.1-2-gbd0b4ee654 (webtiles) character file.

Game seed: 4817944602056043730

18078 sanboga the Severer (level 12, -17/150 HPs)
             Began as a Minotaur Monk on Nov 10, 2022.
             Was a Priest of Hepliaklqana.
             Demolished by a reaper
             ... wielding a +2 scythe of freezing
              (20 damage)
             ... in an ice cave.
             The game lasted 00:17:46 (12580 turns).

sanboga the Severer (Minotaur Monk)                Turns: 12580, Time: 00:17:47

Health: -17/150    AC: 19    Str: 21    XL:     12   Next: 24%
Magic:  11/11      EV:  8    Int:  7    God:    Hepliaklqana [***...]
Gold:   223        SH:  5    Dex: 13    Spells: 11/11 levels left

rFire   . . .      SeeInvis .   x - +3 war axe (flame)
rCold   + + .      Faith    .   (no shield)
rNeg    . . .      Spirit   .   w - +0 plate armour
rPois   .          Reflect  +   (helmet restricted)
rElec   .          Harm     .   J - +0 cloak
rCorr   .          Rampage  .   F - +0 pair of gloves
Will    .....                   G - +0 pair of boots {Fly}
Stlth   ..........              g - amulet of reflection
HPRegen 0.35/turn               y - ring of protection from cold
MPRegen 0.12/turn               a - ring of protection from cold

@: berserking, flying, very quick
A: reduced essence, horns 2, retaliatory headbutt
a: Renounce Religion, Recall Ancestor, Ancestor Identity, Transference


You were in an ice cave.
You worshipped Hepliaklqana.
Hepliaklqana was most pleased with you.
You visited 2 branches of the dungeon, and saw 12 of its levels.
You also visited: Ice Cave.

You collected 1242 gold pieces.
You spent 1019 gold pieces at shops.

Inventory:

Hand Weapons
 m - a +0 battleaxe of venom
 x - a +3 war axe of flaming (weapon)
Armour
 w - a +0 plate armour (worn)
 F - a +0 pair of gloves (worn)
 G - a +0 pair of boots of flying (worn)
 J - a +0 cloak (worn)
Jewellery
 a - a ring of protection from cold (right hand)
 f - a +6 ring of strength
 g - an amulet of reflection (around neck)
 j - a ring of protection from fire
 n - a +4 ring of evasion
 y - a ring of protection from cold (left hand)
Wands
 d - a wand of flame (17)
 l - a wand of light (5)
 o - a wand of mindburst (18) (quivered)
 z - a wand of digging (6)
 E - a wand of iceblast (7)
Scrolls
 b - a scroll of silence {unknown}
 e - 2 scrolls of vulnerability {unknown}
 h - a scroll of amnesia {unknown}
 i - a scroll of summoning {unknown}
 q - 4 scrolls of teleportation {unknown}
 t - a scroll of poison {unknown}
 u - 3 scrolls of magic mapping
 B - 2 scrolls of enchant weapon
 C - 2 scrolls of blinking
 D - 3 scrolls of fear {unknown}
 I - a scroll of noise {unknown}
Potions
 c - 2 potions of ambrosia
 k - 2 potions of heal wounds
 p - 5 potions of curing
 r - a potion of haste
 s - 4 potions of mutation
 A - a potion of cancellation


   Skills:
 + Level 12.3 Fighting
 * Level 16.6 Axes
 + Level 11.7 Armour
 - Level 3.2 Dodging
 - Level 1.5 Stealth
 + Level 4.6 Evocations


You had 11 spell levels left.
You didn't know any spells.
Your spell library contained the following spells:

 Spells                   Type           Power      Damage    Failure   Level
 Magic Dart               Conj           0%         1d3       99%         1
 Sandblast                Erth           0%         2d4       99%         1
 Sting                    Tmut/Pois      0%         1d3       99%         1
 Call Imp                 Summ           0%         N/A       100%        2
 Ensorcelled Hibernation  Hex/Ice        0%         N/A       100%        2
 Poisonous Vapours        Pois/Air       0%         N/A       100%        2
 Confusing Touch          Hex            0%         N/A       100%        3
 Gell's Gravitas          Tloc           0%         N/A       100%        3
 Mephitic Cloud           Conj/Pois/Air  0%         N/A       100%        3
 Ozocubu's Armour         Ice            0%         N/A       100%        3
 Spider Form              Tmut/Pois      0%         N/A       100%        3
 Stone Arrow              Conj/Erth      0%         3d7       100%        3
 Teleport Other           Tloc           0%         N/A       100%        3
 Anguish                  Hex/Necr       0%         N/A       100%        4
 Olgreb's Toxic Radiance  Pois           0%         N/A       100%        4
 Metabolic Englaciation   Hex/Ice        0%         N/A       100%        5
 Yara's Violent Unravell  Hex/Tmut       0%         3d3       100%        5
 Dispersal                Tloc           0%         N/A       100%        6
 Simulacrum               Ice/Necr       0%         N/A       100%        6
 Enfeeble                 Hex            0%         N/A       100%        7
 Ozocubu's Refrigeration  Ice            0%         4d7       100%        7
 Ignition                 Fire           0%         3d3       100%        8
 Infestation              Necr           0%         N/A       100%        8
 Necromutation            Tmut/Necr      0%         N/A       100%        8


Dungeon Overview and Level Annotations

Branches:
Dungeon (11/15)            Temple (1/1) D:6             Orc (0/2) D:10
  IceCv (1/1)
   Lair: D:8-11

Altars:
Ashenzari
Cheibriados
Dithmenos
Elyvilon
Fedhas
Gozag
Hepliaklqana
Kikubaaqudgha
Makhleb
Nemelex Xobeh
Okawaru
Qazlal
Ru
Sif Muna
Trog
Uskayaw
Vehumet
Wu Jian
Xom
Yredelemnul
Zin
The Shining One

Shops:
D:9 ([!!   D:10 [(*

Portals:
Abyss: D:4


Innate Abilities, Weirdness & Mutations

Your life essence is reduced to manifest your ancestor. (-10% HP)
You have a pair of horns on your head.
You reflexively headbutt those who attack you in melee.


Message History

You see here a manual of Ice Magic.
You feel much better.
Alex Rogo barely misses the reaper.
The reaper hits you with a +2 scythe of freezing!
The reaper freezes you.
A red film seems to cover your vision as you go berserk!
You feel yourself moving faster!
You feel mighty!
Alex Rogo hits the reaper but does no damage. x2
The reaper hits you with a +2 scythe of freezing!!!
* * * LOW HITPOINT WARNING * * *
The reaper freezes you.
* * * LOW HITPOINT WARNING * * *
You slash the reaper! You burn the reaper.
The reaper is lightly wounded.
Alex Rogo hits the reaper with a +0 dagger of draining.
You closely miss the reaper.
The reaper is lightly wounded.
Alex Rogo hits the reaper with a +0 dagger of draining.
You hit the reaper but do no damage.
The reaper is moderately wounded.
The reaper hits you with a +2 scythe of freezing!!
* * * LOW HITPOINT WARNING * * *
The reaper freezes you.
* * * LOW HITPOINT WARNING * * *
Alex Rogo hits the reaper with a +0 dagger of draining.
You catch the helpless reaper completely off-guard!
You slash the reaper! You burn the reaper.
The reaper is heavily wounded.
You hit the reaper but do no damage.
The reaper is heavily wounded.
Alex Rogo barely misses the reaper.
The reaper barely misses you.
You barely miss the reaper.
You headbutt the reaper, but do no damage.
The reaper is heavily wounded.
Alex Rogo hits the reaper but does no damage.
You slice the reaper!! You burn the reaper!
The reaper is almost dead.
Alex Rogo hits the reaper but does no damage.
The reaper whispers, "Time's up, sanboga!"
The reaper hits you with a +2 scythe of freezing!!
You die...

#.'.........'.
#.#####'#####.
##.#.#.#.#.#.#.
######8.#'#'#.#'#'##
#.......#.........'.
#.#####.#.8.8.8.8.##
##.#[?(#.#...........
#⌠.R2⌠.#.'...........
##.#@.?#.#...........
#.#####.#.8.8.8.8.##
#.......#.........'.
######8.#'#'#.#'#'##
##.#.#.#.#.#.#.
#.#####'#####.
#.'.........'.
##############


You could see the friendly Alex Rogo the hexer and a reaper (ally target).

Vanquished Creatures
  A boulder beetle (D:9)
  A two-headed ogre (D:9)
  A sun demon (D:10)
  A sixfirhy (D:10)
  An orc knight (D:10)
  The ghost of DocClef the Insei, a novice GnTm of Hepliaklqana (D:6)
  2 ice statues (IceCv)
  A rust devil (D:10)
  3 smoke demons (D:10)
  A rime drake (D:11)
  5 anaconda simulacra (IceCv)
  5 ice devils (IceCv)
  A hellwing (D:10)
  2 trolls
  A red devil (D:10)
  Grinder (D:4)
  2 shadows (D:10)
  Sigmund (D:4)
  A ynoxinul (D:10)
  4 yaks
  2 small abominations (D:4)
  3 wyverns
  2 dire elephant simulacra (IceCv)
  Eustachio (D:5)
  2 death yak simulacra (IceCv)
  The ghost of Icepheonix32 the Changer, an amateur DgTm (D:4)
  2 chaos spawn (D:10)
  A harpy simulacrum (IceCv)
  A water moccasin (D:7)
  2 hydra simulacra (IceCv)
  2 ice beasts
  3 orc warriors
  3 sky beasts
  An ogre (D:5)
  3 centaurs
  2 bullfrogs
  4 kobold brigands
  4 necrophages
  A scorpion (D:5)
  4 wights (D:8)
  9 killer bees
  7 howler monkeys
  3 jellies
  4 hounds
  4 quasits (D:10)
  A gnoll bouda (D:9)
  3 orc priests
  4 iguanas
  An orc wizard (D:10)
  A wolf simulacrum (IceCv)
  8 gnolls
  8 adders
  2 shadow imps (D:6)
  4 white imps
  3 worms
  2 dart slugs
  30 orcs
  8 ball pythons
  9 bats
  6 endoplasms
  2 giant cockroaches
  14 goblins
  7 hobgoblins
  2 jackals (D:5)
  19 kobolds
  3 quokkas
  4 frilled lizards
  2 rats
250 creatures vanquished.

Vanquished Creatures (collateral kills)
  A soul eater (D:10)
  3 orange demons (D:10)
  A rime drake (D:11)
  An ice devil (IceCv)
  A shadow (D:10)
  A neqoxec (D:10)
  A chaos spawn (D:10)
  An orc warrior (D:10)
  2 killer bees
  An orc priest (D:9)
  A spriggan simulacrum (IceCv)
  An ufetubus (IceCv)
  An orc (D:9)
16 creatures vanquished.

Vanquished Creatures (others)
  3 hexers
  A demonic plant (D:10)
4 creatures vanquished.

Grand Total: 270 creatures vanquished

Notes
Turn   | Place    | Note
-------+----------+-------------------------------------------
     0 | D:1      | sanboga the Minotaur Monk began the quest for the Orb.
     0 | D:1      | Reached XP level 1. HP: 19/19 MP: 0/0
   132 | D:1      | Reached skill level 4 in Axes
   194 | D:1      | Reached XP level 2. HP: 27/27 MP: 1/1
   294 | D:1      | Reached skill level 1 in Armour
   781 | D:2      | Reached XP level 3. HP: 23/33 MP: 2/2
  1651 | D:2      | Reached skill level 5 in Axes
  1651 | D:2      | Reached XP level 4. HP: 30/40 MP: 3/3
  2161 | D:3      | Reached XP level 5. HP: 47/47 MP: 4/4
  2195 | D:3      | Reached skill level 6 in Axes
  2204 | D:3      | Reached skill level 5 in Fighting
  2490 | D:3      | Found a shimmering blue altar of Sif Muna.
  2686 | D:4      | Found a snail-covered altar of Cheibriados.
  2699 | D:4      | Noticed Grinder
  2723 | D:4      | Killed Grinder
  2724 | D:4      | Reached skill level 7 in Axes
  2724 | D:4      | Reached XP level 6. HP: 16/56 MP: 1/5
  3002 | D:4      | Noticed Sigmund
  3029 | D:4      | Killed Sigmund
  3030 | D:4      | Reached XP level 7. HP: 25/62 MP: 6/6
  3209 | D:4      | Found a transporter.
  3225 | D:4      | Noticed a small abomination
  3288 | D:4      | Found a broken altar of Ashenzari.
  3642 | D:4      | Noticed a small abomination
  3654 | D:4      | Found a transporter.
  3668 | D:4      | Reached skill level 8 in Axes
  3748 | D:4      | Found a one-way gate to the infinite horrors of the Abyss.
  3748 | D:4      | Noticed Icepheonix32's ghost (amateur DgTm)
  3893 | D:4      | Killed a small abomination
  3894 | D:4      | Reached skill level 5 in Armour
  3915 | D:4      | Killed a small abomination
  3916 | D:4      | Reached XP level 8. HP: 38/71 MP: 4/7
  4079 | D:4      | Killed Icepheonix32's ghost
  4080 | D:4      | Reached skill level 9 in Axes
  4241 | D:5      | Entered Level 5 of the Dungeon
  4615 | D:5      | Noticed Eustachio
  4629 | D:5      | Killed Eustachio
  4630 | D:5      | Reached skill level 10 in Axes
  5299 | D:6      | Reached XP level 9. HP: 68/81 MP: 8/8
  5542 | D:6      | Found a runed translucent gate.
  5542 | D:6      | Found a runed translucent gate.
  5542 | D:6      | Found a runed translucent gate.
  5548 | D:6      | Noticed DocClef's ghost (novice GnTm)
  5570 | D:6      | Killed DocClef's ghost
  5571 | D:6      | Reached skill level 11 in Axes
  5926 | D:6      | Found a staircase to the Ecumenical Temple.
  5940 | Temple   | Entered the Ecumenical Temple
  6387 | D:7      | Reached skill level 12 in Axes
  6409 | D:7      | Found an ornate altar of the Wu Jian Council.
  6410 | D:7      | Found a glowing golden altar of the Shining One.
  6812 | D:7      | Got the Anthology of Shadowy Metal
  6938 | D:7      | Reached XP level 10. HP: 79/91 MP: 9/9
  7159 | D:7      | Found a hazy altar of Hepliaklqana.
  7166 | D:7      | Became a worshipper of Hepliaklqana the Forgotten
  7166 | D:7      | Reached * piety under Hepliaklqana
  7166 | D:7      | Reached ** piety under Hepliaklqana
  7167 | D:7      | Remembered your ancestor Alex Rogo as a hexer
  7186 | D:7      | Found an iron altar of Okawaru.
  7508 | D:7      | Found a sparkling altar of Nemelex Xobeh.
  8445 | D:9      | Noticed a boulder beetle
  8464 | D:9      | Killed a boulder beetle
  8465 | D:9      | Reached skill level 13 in Axes
  8499 | D:8      | Reached skill level 10 in Fighting
  8901 | D:9      | Found a basalt altar of Yredelemnul.
  8990 | D:9      | Found Nohetax's Distillery.
  9021 | D:9      | Bought a potion of curing for 36 gold pieces
  9021 | D:9      | Bought a potion of attraction for 36 gold pieces
  9021 | D:9      | Bought a potion of berserk rage for 60 gold pieces
  9021 | D:9      | Bought a potion of heal wounds for 60 gold pieces
  9021 | D:9      | Bought a potion of degeneration for 12 gold pieces
  9037 | D:9      | Reached *** piety under Hepliaklqana
  9067 | D:9      | Found Racor's Armour Boutique.
  9098 | D:9      | Noticed a two-headed ogre
  9110 | D:9      | Reached skill level 14 in Axes
  9110 | D:9      | Killed a two-headed ogre
  9402 | D:9      | Found Vujont's Distillery.
  9410 | D:9      | Bought a potion of brilliance for 60 gold pieces
  9410 | D:9      | Bought a potion of mutation for 120 gold pieces
  9410 | D:9      | Bought 3 potions of flight for 135 gold pieces
  9415 | D:9      | Identified a scroll of acquirement
  9416 | D:9      | Acquired 565 gold pieces
  9418 | D:9      | Bought a potion of mutation for 120 gold pieces
  9445 | D:9      | Found Dustrupt's Antique Weapon Shoppe.
  9458 | D:9      | Bought a glowing battleaxe for 228 gold pieces
  9542 | D:10     | Entered Level 10 of the Dungeon
  9595 | D:10     | Noticed a sixfirhy
  9596 | D:10     | Noticed an orange demon
  9605 | D:10     | Killed a sixfirhy
  9606 | D:10     | Reached skill level 10 in Armour
  9609 | D:10     | Killed an orange demon
  9610 | D:10     | Reached skill level 1 in Evocations
  9610 | D:10     | Reached XP level 11. HP: 27/90 MP: 10/10
  9972 | D:10     | Noticed an orc knight
  9973 | D:10     | Found Pyethuckagh's Armour Shop.
  9973 | D:10     | Found a staircase to the Orcish Mines.
  9973 | D:10     | Found Humus's Weapon Shop.
  9978 | D:10     | Killed an orc knight
  9993 | D:10     | Reached skill level 15 in Axes
 10015 | D:10     | Bought a +0 pair of gloves for 76 gold pieces
 10015 | D:10     | Bought a +0 cloak for 76 gold pieces
 10318 | D:10     | Identified the +2 long sword of Mana {speed, Int+2}
 10706 | D:10     | Noticed a sun demon
 10714 | D:10     | Killed a sun demon
 11014 | D:10     | Found Fiepruepi's Fire Supplies.
 11080 | D:10     | Noticed a soul eater
 11101 | D:10     | Killed a soul eater
 11436 | D:10     | Found a burning altar of Makhleb.
 11495 | D:11     | Found a frozen archway.
 11505 | IceCv    | Entered an ice cave
 11522 | IceCv    | Reached skill level 16 in Axes
 11846 | IceCv    | Reached XP level 12. HP: 75/100 MP: 11/11
 12569 | IceCv    | Noticed a reaper
 12576 | IceCv    | HP: 5/150 [reaper/+2 scythe of freezing (18)]
 12576 | IceCv    | HP: 2/150 [reaper/+2 scythe of freezing (3)]
 12580 | IceCv    | Demolished by a reaper

Illustrated notes

Levels and vault maps discovered:
D:1:      grunt_arrival_crossed_arrows, layout_rooms, amethyst_killhole,
          kennysheep_doodads, hangedman_abyss_or_decor_stabs,
          roderic_serpentine_path, chequers_serial_rivers_room_a,
          minmay_misc_feat_rows
D:2:      minmay_razor_zed, layout_basic, serial_glass, glass_columns_a,
          glass_columns_a, glass_columns_b, glass_columns_b, corner_web_ring,
          serial_park_tiny_1
D:3:      layout_basic, nicolae_sif_muna_condensation
D:4:      layout_rooms, nicolae_ashenzari_skybound, old_standard_altar,
          gammafunk_ghost_abyssal_escape, minmay_crystal_room,
          kennysheep_another_room, uniq_grinder, uniq_sigmund
D:5:      layout_cave_pools, serial_park, serial_park_square3
          [serial_park_minivault_5x5_7], serial_park_square3
          [serial_park_minivault_5x5_2], uniq_eustachio
D:6:      layout_basic, temple_doors_e, ebering_ghost_rock_garden,
          lightli_orcish_oven
D:7:      layout_basic, mainiacjoe_overflow_alcove_1, okawaru_gym_becter,
          marbit_many_paths, grunt_temple_overflow_open
D:8:      layout_basic, serial_curves, eino_curves_04, eino_curves_01
D:9:      layout_cross, mainiacjoe_overflow_paths, serial_shops, shop_fountains,
          shop_fountains, nicolae_shop_waterfront, shop,
          minmay_chambers_of_fives
D:10:     layout_irregular_city, lightli_temple_of_fire, orc_david_3,
          serial_demonic, serial_demonic_f, serial_demonic_f, serial_demonic_e,
          serial_demonic_d, serial_demonic_e, serial_demonic_d,
          serial_demonic_d, serial_demonic_d, serial_demonic_d,
          serial_demonic_e, nicolae_shop_fire_sale [nicolae_sub_dead_trees]
D:11:     layout_cave_pods, dpeg_oklobed_lair, portal_ice_cave_rime,
          nicolae_uskayaw_dance_hall
Temple:   nicolae_temple_no_exploring_needed
IceCv:    ice_cave_tombish

Skill      XL: |  1  2  3  4  5  6  7  8  9 10 11 12 |
---------------+-------------------------------------+-----
Axes           | 4 5 7 8 10 12 14 16 | 16.6
Armour         | 1 2 3 4 5 6 8 10 11 | 11.7
Fighting       | 4 5 6 7 9 10 11 12 | 12.3
Evocations     | 1 4 |  4.6
Dodging        | |  3.2
Stealth        | |  1.5

Action                   |  1- 3 |  4- 6 |  7- 9 | 10-12 || total
-------------------------+-------+-------+-------+-------++-------
Melee: Hand axe          |    86 |    24 |       |       ||   110
       Headbutt          |    11 |    10 |    39 |    77 ||   137
       Punch             |     1 |     3 |     4 |     6 ||    14
       War axe           |       |    65 |   251 |   295 ||   611
Invok: Ancestor Identity |       |       |       |     2 ||     2
       Ancestor Life: He |       |       |       |     1 ||     1
Evoke: Wand              |       |       |       |     6 ||     6
  Use: Potion            |       |     2 |     1 |     4 ||     7
       Scroll            |       |       |       |     9 ||     9
 Stab: Sleeping          |     4 |       |       |       ||     4
       Confused          |       |       |       |     6 ||     6
       Distracted        |       |       |       |     7 ||     7
Armor: Robe              |     7 |       |       |       ||     7
       Chain mail        |    30 |    36 |    95 |    38 ||   199
       Skin              |       |       |     6 |       ||     6
       Plate armour      |       |       |       |    59 ||    59
Dodge: Dodged            |    46 |    34 |    98 |   161 ||   339
Block: Other             |       |       |    47 |    53 ||   100
       Reflection        |       |       |     1 |     2 ||     3
